 Dungeon Crawl Stone Soup version 0.30.1-11-g7821555f0a (webtiles) character file.

Game seed: 16607830680575442910

18156 lonewolfV2 the Nimble (level 12, -3/168 HPs)
             Began as a Minotaur Fighter on Nov 6, 2023.
             Was a Follower of Qazlal.
             Slain by a vampire mosquito (9 damage)
             ... on level 12 of the Dungeon.
             The game lasted 00:19:23 (14137 turns).

lonewolfV2 the Nimble (Minotaur Fighter)           Turns: 14137, Time: 00:19:24

Health: -3/168     AC: 26    Str: 33      XL:     12   Next: 25%
Magic:  14/14      EV:  2    Int:  0 (2)  God:    Qazlal [*.....]
Gold:   712        SH:  6    Dex: 11 (12) Spells: 11/11 levels left

rFire   + . .        A - +3 scimitar (flame)
rCold   + . .        c - +0 buckler
rNeg    . . .        P - melded +2 plate armour {Will+}
rPois   +            (helmet currently unavailable)
rElec   +            l - melded +2 cloak {rCorr}
rCorr   +            O - melded +2 pair of gloves {hurl}
SInv    .            C - melded +1 pair of boots
Will    +....        M - amulet of the acrobat
Stlth   +            o - +6 ring of strength
HPRegen 0.48/turn    r - ring of resist corrosion
MPRegen 0.14/turn

%: acrobat
@: tree-form, resistant, slowed, lost intelligence, unable to read, very slow
A: stationary, stasis, torment immunity, boosted hp, (horns 2), (retaliatory
headbutt), (deformed body), deterioration 1, dopey 1, strong-willed 1, strong 1,
(teleportitis 1)
a: Renounce Religion


You were on level 12 of the Dungeon.
You worshipped Qazlal.
Qazlal was aware of your devotion.
You were a tree.
You visited 2 branches of the dungeon, and saw 13 of its levels.
You also visited: Gauntlet.

You collected 712 gold pieces.

Inventory:

Hand Weapons
 a - a +0 war axe
 A - a +3 scimitar of flaming (weapon)
 R - a +0 war axe of venom
Missiles
 y - 6 boomerangs of dispersal (quivered)
Armour
 c - a +0 buckler (worn)
 l - a +2 cloak of preservation (melded)
 C - a +1 pair of boots (melded)
 O - a +2 pair of gloves of hurling (melded)
 P - a +2 plate armour of willpower (melded)
Magical Staves
 K - the staff of air "Jefoedwe" {rElec Dex+3 SInv}
   (You found it in a Gauntlet)

   [staff of air]

   Base accuracy: +5 Base damage: 5 Base attack delay: 1.2 This weapon's minimum
   attack delay (0.6) is reached at skill level 12.
   Dex:       It affects your dexterity (+3).
   rElec:     It insulates you from electricity.
   SInv:      It lets you see invisible.
   It falls into the 'Staves' category.
   It is a one-handed weapon.
Jewellery
 d - a ring of willpower
 g - an amulet of reflection
 o - a +6 ring of strength (left branch)
 r - a ring of resist corrosion (right branch)
 B - an amulet of guardian spirit
 F - a +6 ring of intelligence
 M - an amulet of the acrobat (around neck)
 N - a ring of magical power
Wands
 p - a wand of mindburst (10)
 s - a wand of charming (7)
 u - a wand of polymorph (26)
 I - a wand of flame (7)
 Q - a wand of roots (2)
Scrolls
 i - 5 scrolls of teleportation
 k - 3 scrolls of fear
 m - 4 scrolls of fog
 t - 10 scrolls of identify
 w - a scroll of enchant armour
 x - 2 scrolls of magic mapping
 H - a scroll of butterflies
 L - a scroll of poison {unknown}
Potions
 b - a potion of cancellation
 e - a potion of haste
 h - a potion of mutation
 j - a potion of lignification
 n - 5 potions of flight
 q - a potion of magic
 z - 2 potions of attraction
 D - 2 potions of brilliance
 J - a potion of degeneration {unknown}
Miscellaneous
 E - a lightning rod (inert)


   Skills:
 - Level 11.8 Fighting
 * Level 7.6 Long Blades
 - Level 2.4 Axes
 - Level 11.3 Armour
 + Level 14.4 Dodging
 - Level 3.6 Shields
 + Level 5.2 Invocations


You had 11 spell levels left.
You didn't know any spells.
Your spell library contained the following spells:

 Spells                   Type           Power      Damage    Failure   Level
 Apportation              Tloc           0%         N/A       65%         1
 Necrotise                Necr           0%         1d4       65%         1
 Ensorcelled Hibernation  Hex/Ice        0%         N/A       78%         2
 Lesser Beckoning         Tloc           0%         N/A       78%         2
 Poisonous Vapours        Pois/Air       0%         N/A       78%         2
 Scorch                   Fire           0%         2d5       78%         2
 Sublimation of Blood     Necr           0%         N/A       78%         2
 Wereblood                Tmut           0%         N/A       78%         2
 Mephitic Cloud           Conj/Pois/Air  0%         N/A       95%         3
 Spider Form              Tmut/Pois      0%         N/A       95%         3
 Vampiric Draining        Necr           0%         2d6       95%         3
 Anguish                  Hex/Necr       0%         N/A       100%        4
 Flame Wave               Conj/Fire      0%         2d4       100%        4
 Agony                    Necr           0%         N/A       100%        5
 Freezing Cloud           Conj/Ice/Air   0%         6-21      100%        5
 Summon Cactus Giant      Summ           0%         N/A       100%        6
 Summon Hydra             Summ           0%         N/A       100%        7


Dungeon Overview and Level Annotations

Branches:
Dungeon (12/15)            Temple (1/1) D:7            Lair (0/5) D:8
Gauntlet (visited)
    Orc: D:9-12

Altars:
Ashenzari
Cheibriados
Dithmenos
Elyvilon
Fedhas
Gozag
Hepliaklqana
Kikubaaqudgha
Makhleb
Nemelex Xobeh
Okawaru
Qazlal
Ru
Sif Muna
Trog
Uskayaw
Vehumet
Wu Jian
Xom
Yredelemnul
Zin
The Shining One

Shops:
D:1 :   D:4 *   D:5 (


Innate Abilities, Weirdness & Mutations

You are a tree.
Your roots penetrate the ground, keeping you stationary.
You cannot be teleported.
You are immune to unholy pain and torment.
Your maximum health is greatly increased.
Your equipment is partially melded.
((You have a pair of horns on your head.))
((You reflexively headbutt those who attack you in melee.))
((Armour fits poorly on your strangely shaped body.))
Your body sometimes deteriorates upon taking damage.
You are dopey. (Int -2)
You are strong-willed. (Will+)
Your muscles are strong. (Str +4, Int/Dex -1)
((You are occasionally teleported next to monsters.))


Message History

Roots grab the vampire mosquito. x3; Roots grab the orc priest.
The grasping roots constrict the orc priest!
The grasping roots constrict the howler monkey!
You kill the howler monkey!
Qazlal accepts your kill.
You are now surrounded by a storm.
The grasping roots constrict the vampire mosquito. x3
The roots release their grip on the orc priest.
The roots release their grip on the vampire mosquito. x2
The vampire mosquito bites you but does no damage. x3
The vampire mosquito bites you.
* * * LOW HITPOINT WARNING * * *
The vampire mosquito draws strength from your injuries!
The vampire mosquito bites you but does no damage.
The orc priest hits you but does no damage.
You block the vampire mosquito's attack.
The warg bites you.
* * * LOW HITPOINT WARNING * * *
The vampire mosquito bites you but does no damage.
You block the vampire mosquito's attack.
The orc priest hits you but does no damage.
Aiming: Fastroot
Press: ? - help, Q - select action, (/) - cycle Shift-Dir - straight line The roots erupt in riotous growth!
Roots grab the warg.
Roots grab the vampire mosquito.
The vampire mosquito is unaffected.
Roots grab the vampire mosquito.
Roots grab the orc priest.
The grasping roots constrict the orc priest.
The grasping roots constrict the warg.
The grasping roots constrict the vampire mosquito.
The grasping roots constrict the vampire mosquito! x2
The roots release their grip on the vampire mosquito.
The vampire mosquito bites you but does no damage. x3
The vampire mosquito bites you.
* * * LOW HITPOINT WARNING * * *
The vampire mosquito draws strength from your injuries!
You block the warg's attack.
The vampire mosquito bites you but does no damage. x2
The warg bites you but does no damage. The vampire mosquito bites you!
You die...

#.# #.#####
#.# #.....# .y
### ####### ##
#.# ## .##.#
...# .#..##
##..## #....$#
#....g#y.#...#
##y#)..# #y♣y#
#h#oT# .o{#Bh#
#..##.g## ....
.#. .### #T #
.. ..


You could see a boulder beetle, a troll, a warg (rooted), 4 vampire mosquitoes,
a howler monkey, an orc priest (rooted), an orc, a hobgoblin and a goblin.

Vanquished Creatures
  Gastronok (D:11)
  A minotaur (Gauntlet)
  A centaur warrior (D:11)
  A ghost crab (Gauntlet)
  Erica (D:8)
  2 two-headed ogres (D:11)
  A tengu warrior (D:10)
  Pikel (D:5)
  A manticore (D:10)
  2 cyclopes
  A shining eye (Gauntlet)
  A salamander (D:11)
  Joseph (D:9)
  An ice statue (Gauntlet)
  A gargoyle (D:11)
  Maggie (D:6)
  An eye of devastation (D:11)
  2 rime drakes (Gauntlet)
  6 trolls
  A hornet (D:7)
  2 shadows
  2 vampires (D:12)
  A yak (D:8)
  A wyvern (D:9)
  A golden eye (Gauntlet)
  A water elemental (D:11)
  Eustachio (D:6)
  A steam dragon (D:7)
  Menkaure (D:6)
  3 acid dragons
  5 water moccasins
  An ice beast (D:7)
  4 sky beasts
  7 orc warriors
  A black bear (D:6)
  2 ogres
  3 lemures (D:5)
  3 phantoms
  5 centaurs
  3 kobold brigands
  5 bullfrogs
  3 scorpions
  6 wights
  13 killer bees
  5 howler monkeys
  A gnoll bouda (D:4)
  2 jellies
  4 orc priests
  Crazy Yiuf (D:2)
  4 hounds
  2 sleepcaps
  2 iguanas (D:6)
  9 orc wizards
  Natasha (thrice) (D:2)
  12 adders
  A shadow imp (D:5)
  2 white imps
  2 worms
  4 dart slugs
  40 orcs
  8 ball pythons
  3 endoplasms
  4 giant cockroaches
  13 goblins
  8 hobgoblins
  4 jackals (D:4)
  16 kobolds
  A quokka (D:2)
  5 bats
  6 rats
265 creatures vanquished.

Notes
Turn   | Place    | Note
-------+----------+-------------------------------------------
     0 | D:1      | lonewolfV2 the Minotaur Fighter began the quest for the
                  | Orb.
     0 | D:1      | Reached XP level 1. HP: 19/19 MP: 0/0
   153 | D:1      | Reached skill level 1 in Dodging
   156 | D:1      | Reached XP level 2. HP: 27/27 MP: 1/1
   158 | D:1      | Found Ynib's Book Boutique.
   516 | D:2      | Noticed Natasha
   524 | D:2      | Killed Natasha
   525 | D:2      | Reached skill level 2 in Dodging
   525 | D:2      | Reached XP level 3. HP: 31/33 MP: 2/2
   700 | D:2      | Found a runed translucent door.
   701 | D:2      | Noticed Crazy Yiuf
   995 | D:2      | Noticed Natasha
  1002 | D:2      | Killed Natasha
  1003 | D:2      | Reached XP level 4. HP: 41/41 MP: 3/3
  1045 | D:2      | Noticed Natasha
  1057 | D:2      | Killed Natasha
  1058 | D:2      | Reached skill level 3 in Dodging
  1261 | D:2      | Killed Crazy Yiuf
  1262 | D:2      | Reached XP level 5. HP: 22/47 MP: 4/4
  1567 | D:3      | Found a faded altar of an unknown god.
  1946 | D:3      | Gained mutation: You have large cloven feet. [potion of
                  | mutation]
  1946 | D:3      | Gained mutation: You occasionally lose the ability to read
                  | scrolls when taking damage. [potion of mutation]
  2211 | D:4      | Reached skill level 4 in Dodging
  2356 | D:4      | Found Gozag's Platinum Reserve.
  2363 | D:4      | Noticed an ogre
  2370 | D:4      | Killed an ogre
  2371 | D:4      | Reached skill level 5 in Fighting
  2371 | D:4      | Reached skill level 5 in Armour
  2371 | D:4      | Reached XP level 6. HP: 56/56 MP: 5/5
  2429 | D:4      | Found an opulent altar of Gozag.
  2551 | D:4      | Noticed an orc warrior
  2606 | D:4      | Reached skill level 5 in Dodging
  2649 | D:4      | Killed an orc warrior
  2650 | D:4      | Reached XP level 7. HP: 24/62 MP: 6/6
  3073 | D:5      | Entered Level 5 of the Dungeon
  3128 | D:5      | Found Vunk's Weapon Shop.
  3158 | D:5      | Reached skill level 6 in Dodging
  3372 | D:5      | Found a shimmering altar of Xom.
  3380 | D:5      | Noticed Pikel
  3389 | D:5      | Killed Pikel
  3390 | D:5      | Reached skill level 7 in Dodging
  3390 | D:5      | Reached XP level 8. HP: 59/73 MP: 7/7
  4119 | D:6      | Noticed Menkaure
  4128 | D:6      | Killed Menkaure
  4129 | D:6      | Reached skill level 8 in Dodging
  4232 | D:6      | Noticed Eustachio
  4257 | D:6      | Killed Eustachio
  4258 | D:6      | Reached XP level 9. HP: 79/82 MP: 8/8
  4527 | D:7      | Found a staircase to the Ecumenical Temple.
  4886 | D:6      | Noticed Maggie
  4899 | D:6      | Killed Maggie
  4900 | D:6      | Reached skill level 9 in Dodging
  5524 | D:7      | Reached skill level 10 in Dodging
  5534 | Temple   | Entered the Ecumenical Temple
  6671 | D:7      | Reached XP level 10. HP: 39/92 MP: 9/9
  7168 | D:8      | Found a staircase to the Lair.
  7309 | D:8      | Noticed Erica
  7484 | D:8      | Reached skill level 10 in Armour
  7550 | D:8      | Killed Erica
  7551 | D:8      | Reached skill level 10 in Fighting
  7551 | D:8      | Reached skill level 11 in Dodging
  7555 | D:8      | Found a flagged portal.
  8708 | D:9      | Noticed a cyclops
  8718 | D:9      | Killed a cyclops
  8719 | D:9      | Reached skill level 12 in Dodging
  9351 | D:9      | Found a snail-covered altar of Cheibriados.
  9352 | D:9      | Found a glowing silver altar of Zin.
  9514 | D:9      | Found a shadowy altar of Dithmenos.
  9588 | D:9      | Noticed Joseph
  9598 | D:9      | Killed Joseph
  9599 | D:9      | Reached XP level 11. HP: 78/102 MP: 10/10
  9870 | D:10     | Entered Level 10 of the Dungeon
  9907 | D:10     | Found a blossoming altar of Fedhas.
 10043 | D:10     | Found a glowing golden altar of the Shining One.
 10418 | D:10     | Found a hide-covered altar of Uskayaw.
 10480 | D:10     | Found a white marble altar of Elyvilon.
 10510 | D:10     | Found a stormy altar of Qazlal.
 10558 | D:10     | Became a worshipper of Qazlal Stormbringer
 10581 | D:10     | Noticed a tengu warrior
 10595 | D:10     | Killed a tengu warrior
 10596 | D:10     | Reached skill level 13 in Dodging
 10596 | D:10     | Reached skill level 1 in Invocations
 10953 | D:11     | Noticed Urug
 11001 | D:11     | Urug changed into Urug the swamp dragon
 11001 | D:11     | Noticed Urug
 11006 | D:11     | Urug the swamp dragon changed into Urug the skyshark
 11006 | D:11     | Noticed Urug
 11007 | D:11     | Urug the skyshark changed into Urug the eye of devastation
 11007 | D:11     | Noticed Urug
 11013 | D:11     | Killed Urug the eye of devastation
 11083 | D:11     | Noticed Nergalle
 11085 | D:11     | Nergalle changed into Nergalle the salamander
 11085 | D:11     | Noticed Nergalle
 11095 | D:11     | Killed Nergalle the salamander
 11689 | D:11     | Noticed a two-headed ogre
 11695 | D:11     | Killed a two-headed ogre
 11926 | D:11     | Noticed a two-headed ogre
 11935 | D:11     | Killed a two-headed ogre
 12030 | D:11     | Noticed a centaur warrior
 12041 | D:11     | Killed a centaur warrior
 12200 | D:11     | Noticed Gastronok
 12219 | D:11     | Killed Gastronok
 12220 | D:11     | Reached skill level 5 in Long Blades
 12220 | D:11     | Reached skill level 14 in Dodging
 12632 | D:11     | Lost mutation: You have large cloven feet. [potion of
                  | mutation]
 12632 | D:11     | Lost mutation: You occasionally lose the ability to read
                  | scrolls when taking damage. [potion of mutation]
 12632 | D:11     | Gained mutation: Your muscles are strong. (Str +4, Int/Dex
                  | -1) [potion of mutation]
 12632 | D:11     | Gained mutation: Your body sometimes deteriorates upon
                  | taking damage. [potion of mutation]
 12632 | D:11     | Gained mutation: You are strong-willed. (Will+) [potion of
                  | mutation]
 12645 | D:12     | Found a gate leading to a gauntlet.
 12661 | D:12     | Reached XP level 12. HP: 97/112 MP: 14/14
 12664 | Gauntlet | Entered a Gauntlet
 12664 | Gauntlet | Found a transporter.
 12677 | Gauntlet | Found a transporter.
 12679 | Gauntlet | Found a transporter.
 12680 | Gauntlet | Noticed a catoblepas
 12681 | Gauntlet | Found a transporter.
 12714 | Gauntlet | Gained mutation: You are occasionally teleported next to
                  | monsters. [a shining eye]
 12719 | Gauntlet | Found a transporter.
 12723 | Gauntlet | Gained mutation: Armour fits poorly on your strangely
                  | shaped body. [a shining eye]
 12724 | Gauntlet | Gained mutation: You are dopey. (Int -2) [a shining eye]
 12747 | Gauntlet | Found a transporter.
 12753 | Gauntlet | Found a transporter.
 12823 | Gauntlet | Found a transporter.
 12834 | Gauntlet | Identified the staff of air "Jefoedwe" {rElec Dex+3 SInv}
 13050 | Gauntlet | Noticed a ghost crab
 13053 | Gauntlet | Found a transporter.
 13061 | Gauntlet | Found a transporter.
 13073 | Gauntlet | Killed a ghost crab
 13074 | Gauntlet | Reached skill level 5 in Invocations
 13181 | Gauntlet | Found a transporter.
 13189 | Gauntlet | Noticed a minotaur
 13200 | Gauntlet | Killed a minotaur
 13515 | Gauntlet | Got Sif Muna's Incunabulum of the Excursion
 14121 | D:12     | Lost intelligence.
 14134 | D:12     | Noticed a boulder beetle
 14136 | D:12     | Reached * piety under Qazlal
 14137 | D:12     | HP: 6/168 [vampire mosquito (4)]
 14137 | D:12     | Slain by a vampire mosquito

Illustrated notes

Levels and vault maps discovered:
D:1:      tarquinn_simple_flora_water_c, layout_rooms, serial_shops, shop
D:2:      layout_loops_cross, uniq_natasha, uniq_crazy_yiuf_cottage
D:3:      layout_rooms, hellmonk_ecumenical_altar_run_dry,
          minmay_misc_feat_alley
D:4:      minmay_clustersquares, layout_basic, nicolae_gozag_zags_fifth_avenue
D:5:      layout_basic, xom_teletrap_fun, serial_shops,
          nicolae_shop_statue_plus, uniq_pikel
D:6:      layout_loops_corners, hex_medium, minivault_23, uniq_maggie,
          uniq_eustachio, uniq_menkaure
D:7:      layout_basic, minmay_temple_entry_tees, serial_glass, glass_columns_a,
          glass_columns_a, minmay_strange_pillars
D:8:      minmay_razor_zed, layout_layer_cave, enter_bailey_3,
          grunt_decor_one_mirror, uniq_erica
D:9:      layout_loops_corners, mainiacjoe_overflow_divided_tiny,
          grunt_dithmenos_smoke_and_mirrors, uniq_joseph
D:10:     layout_basic, fedhas_ov_isle_minmay, nicolae_uskayaw_suspiria,
          mainiacjoe_overflow_concentric_impassable,
          mainiacjoe_overflow_large_starburst, ebering_dispersal_statue_hall,
          minivault_20
D:11:     layout_stronghold, kennysheep_path_1, uniq_lodul, uniq_urug,
          uniq_nergalle, uniq_gastronok
D:12:     layout_loops_ring, erik_orc_3, gauntlet_entry_generic, serial_glass,
          glass_columns_a, glass_columns_a, kennysheep_generic_room_13
Temple:   nicolae_temple_hex_pool

Skill      XL: |  1  2  3  4  5  6  7  8  9 10 11 12 |
---------------+-------------------------------------+-----
Dodging        | 1 2 3 4 5 7 8 10 12 14 | 14.4
Fighting       | 4 5 7 8 9 11 | 11.8
Armour         | 4 5 7 8 9 11 | 11.3
Invocations    | 4 5 |  5.2
Long Blades    | 5 7 |  7.6
Axes           | |  2.4
Shields        | |  3.6

Action                     |  1- 3 |  4- 6 |  7- 9 | 10-12 || total
---------------------------+-------+-------+-------+-------++-------
  Melee: War axe           |    50 |   123 |   197 |    54 ||   424
         Headbutt          |     7 |    10 |    39 |   102 ||   158
         Kick              |       |    17 |    50 |    27 ||    94
         Scimitar          |       |       |       |   362 ||   362
  Evoke: Wand              |       |       |       |    20 ||    20
         Lightning rod     |       |       |       |     7 ||     7
    Use: Scroll            |     6 |     5 |     6 |     3 ||    20
         Potion            |       |     1 |       |    17 ||    18
 Armour: Scale mail        |    28 |    50 |    56 |       ||   134
         Plate armour      |       |       |    71 |   340 ||   411
         Skin              |       |       |       |    49 ||    49
  Dodge: Dodged            |    26 |    73 |   118 |   287 ||   504
  Block: Buckler           |    11 |    68 |   120 |   292 ||   491
         Reflection        |       |     2 |     5 |    12 ||    19
